 Dungeon Crawl Stone Soup version 0.28-a0-224-g76b539d98b (webtiles) character file.

Game seed: 6221906065419467353

742745 theanonym the Swordmaster (level 27, -7/182 HPs)
             Began as a Demigod Gladiator on Aug 22, 2021.
             Mangled by an electric golem (19 damage)
             ... on level 5 of the Realm of Zot.
             The game lasted 02:57:40 (68391 turns).

theanonym the Swordmaster (Demigod Gladiator)      Turns: 68391, Time: 02:57:41

Health: -7/182     AC: 29    Str: 46 (51) XL:     27
Magic:  50/50      EV: 24    Int:  5 (9)  God:
Gold:   3788       SH:  0    Dex: 24      Spells: 29/43 levels left

rFire   + + +      SeeInvis +   a - +9 triple sword (vorpal)
rCold   + + +      Faith    .   (shield currently unavailable)
rNeg    + + +      Spirit   .   A - +8 gold dragon scales
rPois   +          Reflect  .   W - +0 hat of Beastly Life {rN++ rCorr Int-5}
rElec   .          Harm     .   K - +2 cloak "Duag" {rC- Regen+ Str+5 Dex-2 SInv}
rCorr   +          Rampage  .   b - +0 pair of gloves "Liragg" {rN+ rCorr Int+4}
Will    ++...      Rnd*Rage +   X - -3 pair of boots of Juigap {rC+++}
Stlth   ..........              e - amulet of regeneration
HPRegen 2.40/turn               p - ring of protection from fire
MPRegen 0.32/turn               c - ring "Suemaymet" {rF+ MP+9 Str+3 Dex+3 Slay+2}

@: mighty, about to teleport, marked, on berserk cooldown, hasted and slowed
A: high mp 1, forlorn, berserk 2, deformed body, deterioration 2, frail 3,
poison resistance, devolution 1
}: 3/15 runes: decaying, silver, gossamer
a: no special abilities


Innate Abilities, Weirdness & Mutations

Your attributes grow dramatically as you level up.
You have an increased reservoir of magic. (+10% MP)
You shall have no god before yourself.
You often lose your temper in combat.
Armour fits poorly on your strangely shaped body.
Your body often deteriorates upon taking damage.
You are extremely frail. (-30% HP)
Your system is resistant to poisons. (rPois)
You have hidden genetic defects.


   Skills:
 + Level 23.7 Fighting
 O Level 27 Long Blades
 - Level 2.0 Throwing
 + Level 20.2 Armour
 + Level 20.6 Dodging
 - Level 8.9 Spellcasting
 - Level 9.7 Translocations


You had 29 spell levels left.
You knew the following spells:

 Your Spells              Type           Power      Damage    Failure   Level
a - Silence               Hex/Air        1%         N/A       100%        5
e - Lesser Beckoning      Tloc           5%         N/A       5%          3
l - Blink                 Tloc           N/A        N/A       2%          2
q - Apportation           Tloc           22%        N/A       1%          1
s - Swiftness             Air            2%         N/A       97%         3

Your spell library contained the following spells:

 Spells                   Type           Power      Damage    Failure   Level
 Gell's Gravitas          Tloc           5%         N/A       5%          3
 Teleport Other           Tloc           11%        N/A       5%          3
 Passage of Golubria      Tloc           N/A        N/A       19%         4
 Manifold Assault         Tloc           11%        N/A       45%         5
 Animate Skeleton         Necr           4%         N/A       71%         1
 Beastly Appendage        Tmut           4%         N/A       71%         1
 Corona                   Hex            2%         N/A       71%         1
 Foxfire                  Conj/Fire      8%         2x1d4     71%         1
 Freeze                   Ice            8%         1d3       71%         1
 Magic Dart               Conj           8%         1d3       71%         1
 Sandblast                Erth           4%         2d4       71%         1
 Summon Small Mammal      Summ           8%         N/A       71%         1
 Iskenderun's Mystic Bla  Conj/Tloc      7%         2d4       80%         4
 Call Imp                 Summ           2%         N/A       83%         2
 Corpse Rot               Necr/Air       N/A        N/A       83%         2
 Ensorcelled Hibernation  Hex/Ice        4%         N/A       83%         2
 Passwall                 Tmut/Erth      1%         N/A       83%         2
 Poisonous Vapours        Pois/Air       4%         N/A       83%         2
 Searing Ray              Conj           4%         3d3       83%         2
 Static Discharge         Conj/Air       2%         N/A       83%         2
 Sublimation of Blood     Necr           1%         N/A       83%         2
 Wereblood                Tmut           2%         N/A       83%         2
 Dispersal                Tloc           5%         N/A       96%         6
 Conjure Flame            Conj/Fire      2%         6-21      97%         3
 Dazzling Flash           Conj/Hex       4%         N/A       97%         3
 Ignite Poison            Fire/Tmut/Pois 2%         N/A       97%         3
 Inner Flame              Hex/Fire       2%         N/A       97%         3
 Mephitic Cloud           Conj/Pois/Air  2%         N/A       97%         3
 Ozocubu's Armour         Ice            2%         N/A       97%         3
 Spider Form              Tmut/Pois      1%         N/A       97%         3
 Stone Arrow              Conj/Erth      4%         3d7       97%         3
 Summon Guardian Golem    Hex/Summ       2%         N/A       97%         3
 Tukima's Dance           Hex            2%         N/A       97%         3
 Airstrike                Air            1%         N/A       100%        4
 Animate Armour           Summ/Erth      4%         N/A       100%        4
 Cause Fear               Hex            1%         N/A       100%        4
 Dispel Undead            Necr           2%         3d7       100%        4
 Fulminant Prism          Conj/Hex       1%         3d6       100%        4
 Hailstorm                Conj/Ice       2%         3d3       100%        4
 Ice Form                 Ice/Tmut       2%         N/A       100%        4
 Leda's Liquefaction      Hex/Erth       1%         N/A       100%        4
 Olgreb's Toxic Radiance  Pois           2%         N/A       100%        4
 Petrify                  Tmut/Erth      2%         N/A       100%        4
 Sticky Flame             Conj/Fire      2%         2d3       100%        4
 Summon Lightning Spire   Summ/Air       2%         N/A       100%        4
 Agony                    Necr           2%         N/A       100%        5
 Alistair's Intoxication  Tmut/Pois      1%         N/A       100%        5
 Blade Hands              Tmut           1%         N/A       100%        5
 Bolt of Magma            Conj/Fire/Erth 1%         4d4       100%        5
 Borgnjor's Vile Clutch   Necr/Erth      1%         N/A       100%        5
 Excruciating Wounds      Necr           1%         N/A       100%        5
 Freezing Cloud           Conj/Ice/Air   1%         6-21      100%        5
 Irradiate                Conj/Tmut      1%         3d14      100%        5
 Lee's Rapid Deconstruct  Erth           1%         3d5*      100%        5
 Lightning Bolt           Conj/Air       1%         1d12      100%        5
 Metabolic Englaciation   Hex/Ice        1%         N/A       100%        5
 Summon Mana Viper        Hex/Summ       2%         N/A       100%        5
 Yara's Violent Unravell  Hex/Tmut       1%         3d3       100%        5
 Eringya's Noxious Bog    Tmut/Pois      1%         N/A       100%        6
 Invisibility             Hex            1%         N/A       100%        6
 Shadow Creatures         Summ           N/A        N/A       100%        6
 Simulacrum               Ice/Necr       1%         N/A       100%        6
 Starburst                Conj/Fire      1%         6d3       100%        6
 Statue Form              Tmut/Erth      1%         N/A       100%        6
 Dragon Form              Tmut           1%         N/A       100%        7
 Haunt                    Necr/Summ      1%         N/A       100%        7
 Malign Gateway           Summ/Tloc      3%         N/A       100%        7
 Orb of Destruction       Conj           1%         N/A       100%        7
 Ozocubu's Refrigeration  Ice            1%         4d5       100%        7
 Spellforged Servitor     Conj/Summ      1%         N/A       100%        7
 Storm Form               Tmut/Air       1%         N/A       100%        7
 Summon Hydra             Summ           1%         N/A       100%        7
 Borgnjor's Revivificati  Necr           1%         N/A       100%        8
 Disjunction              Tloc           5%         N/A       100%        8
 Ignition                 Fire           1%         3d3       100%        8
 Lehudib's Crystal Spear  Conj/Erth      1%         10d2      100%        8
 Maxwell's Capacitive Co  Air            1%         ∞         100%        8
 Chain Lightning          Conj/Air       1%         3d1       100%        9
 Dragon's Call            Summ           1%         N/A       100%        9
 Fire Storm               Conj/Fire      1%         7d1       100%        9
 Polar Vortex             Ice            1%         N/A       100%        9
 Shatter                  Erth           1%         3d5*      100%        9

Skill      XL: |  1  2  3  4  5  6  7  8  9 10 11 12 13 14 15 16 17 18 19 20 21 22 23 24 25 26 27 |
---------------+----------------------------------------------------------------------------------+-----
Fighting       | 2 3 4 5 6 8 9 10 11 12 13 14 15 17 18 20 22 23 | 23.7
Throwing       | 2 |  2.0
Long Blades    | 3 4 6 7 9 11 13 14 15 17 18 19 20 22 25 27 | 27.0
Armour         | 4 8 11 12 13 14 15 16 17 18 19 20 | 20.2
Dodging        | 5 7 10 12 14 16 17 18 19 20 | 20.6
Spellcasting   | 8 |  8.9
Translocations | 9 |  9.7

Action                   |  1- 3 |  4- 6 |  7- 9 | 10-12 | 13-15 | 16-18 | 19-21 | 22-24 | 25-27 || total
-------------------------+-------+-------+-------+-------+-------+-------+-------+-------+-------++-------
Melee: Long sword        |    87 |    85 |       |       |       |       |       |       |       ||   172
       Falchion          |       |    14 |   284 |       |       |       |       |       |       ||   298
       Great sword       |       |       |    94 |   494 |  1096 |   805 |  1710 |   748 |       ||  4947
       Triple sword      |       |       |       |       |       |       |       |   768 |   985 ||  1753
Throw: Throwing net      |     2 |     2 |     3 |     1 |       |       |       |       |       ||     8
Evoke: Wand              |       |       |     7 |       |     5 |       |       |     1 |       ||    13
       Piece from Xom's  |       |       |     2 |     9 |       |     1 |       |       |       ||    12
       Condenser vane    |       |       |       |     1 |       |       |       |     1 |       ||     2
       Phantom mirror    |       |       |       |       |       |       |       |       |     1 ||     1
  Use: Potion            |       |     2 |     2 |     5 |     7 |     6 |    11 |     1 |    13 ||    47
       Scroll            |       |       |    22 |     9 |     9 |     2 |     8 |    12 |    16 ||    78
 Stab: Sleeping          |     2 |       |     1 |       |       |       |       |       |       ||     3
       Held in net/web   |       |     1 |     2 |       |       |       |       |       |       ||     3
       Petrified         |       |       |       |     6 |       |       |       |       |       ||     6
       Invisible         |       |       |       |       |       |     4 |    16 |       |       ||    20
Armor: Leather armour    |    29 |     5 |       |       |       |       |       |       |       ||    34
       Ring mail         |       |    28 |    43 |       |       |       |       |       |       ||    71
       Skin              |       |       |    32 |       |       |       |       |       |       ||    32
       Chain mail        |       |       |    71 |       |       |       |       |       |       ||    71
       Plate armour      |       |       |    73 |   361 |   639 |   654 |   914 |   487 |   195 ||  3323
       Ice dragon scales |       |       |       |       |   113 |       |       |       |       ||   113
       Gold dragon scale |       |       |       |       |       |       |       |       |   268 ||   268
Dodge: Dodged            |    64 |    54 |   161 |   246 |   604 |   595 |  1502 |  1418 |   981 ||  5625
       Rpst.: Long sword |    23 |    20 |       |       |       |       |       |       |       ||    43
       Falchion          |       |     1 |    37 |       |       |       |       |       |       ||    38
       Great sword       |       |       |    12 |    76 |   170 |   111 |   310 |   101 |       ||   780
       Triple sword      |       |       |       |       |       |       |       |   140 |   182 ||   322

Inventory:

Hand Weapons
 a - a +9 vorpal triple sword (weapon)
Missiles
 i - 5 throwing nets (quivered)
Armour
 b - the +0 pair of gloves "Liragg" (worn) {rN+ rCorr Int+4}

   Int:       It affects your intelligence (+4).
   rN:        It protects you from negative energy.
   rCorr:     It protects you from acid and corrosion.
 A - +8 gold dragon scales (worn)
 K - the +2 cloak "Duag" (worn) {rC- Regen+ Str+5 Dex-2 SInv}

   Str:       It affects your strength (+5).
   Dex:       It affects your dexterity (-2).
   rC:        It makes you vulnerable to cold.
   SInv:      It lets you see invisible.
   Regen:     It increases your rate of health regeneration.
 W - the +0 hat of Beastly Life (worn) {rN++ rCorr Int-5}

   Int:       It affects your intelligence (-5).
   rN:        It greatly protects you from negative energy.
   rCorr:     It protects you from acid and corrosion.
 X - the -3 pair of boots of Juigap (worn) {rC+++} rC: It renders you almost immune to cold.
Jewellery
 c - the ring "Suemaymet" (right hand) {rF+ MP+9 Str+3 Dex+3 Slay+2}

   [ring of protection from fire]

   Str:       It affects your strength (+3).
   Dex:       It affects your dexterity (+3).
   Slay:      It affects your accuracy & damage with ranged weapons and melee
   (+2).
   rF:        It protects you from fire.
   MP:        It affects your magic capacity (+9).
 e - an amulet of regeneration (around neck)
 g - the ring "Paqoh" {+Blink Fly rPois Will+ Dex+4}

   [ring of flight]

   Dex:       It affects your dexterity (+4).
   rPois:     It protects you from poison.
   Fly:       It grants you flight.
   +Blink:    It lets you blink.
   Will:      It increases your willpower.
 k - the ring of Cibaris {rN+ EV+4 Str+2}

   [ring of evasion]

   EV:        It affects your evasion (+4).
   Str:       It affects your strength (+2).
   rN:        It protects you from negative energy.
 p - a ring of protection from fire (left hand)
 J - the ring "Kyja" {rElec Str+3 Int+6}

   [ring of intelligence]

   Str:       It affects your strength (+3).
   Int:       It affects your intelligence (+6).
   rElec:     It insulates you from electricity.
 Y - the ring "Jipnos" {rPois rC+ SInv}

   [ring of poison resistance]

   rC:        It protects you from cold.
   rPois:     It protects you from poison.
   SInv:      It lets you see invisible.
Wands
 d - a wand of digging (23)
 v - a wand of acid (17)
Scrolls
 f - 2 scrolls of fog
 n - 6 scrolls of fear
 o - 5 scrolls of enchant weapon
 r - 51 scrolls of identify
 t - 22 scrolls of teleportation
 x - 3 scrolls of summoning
 y - 7 scrolls of magic mapping
 B - 13 scrolls of blinking
 C - a scroll of brand weapon
 F - 9 scrolls of holy word
 V - 3 scrolls of immolation
 Z - 7 scrolls of silence
Potions
 h - 6 potions of haste
 j - 5 potions of invisibility
 l - 6 potions of magic
 m - 5 potions of might
 q - 12 potions of heal wounds
 s - 12 potions of mutation
 w - 29 potions of curing
 z - 2 potions of resistance
 I - 14 potions of attraction
 N - 3 potions of cancellation
 O - 7 potions of flight
 T - 5 potions of ambrosia
Miscellaneous
 u - a condenser vane
 L - a phantom mirror


You were on level 5 of the Realm of Zot.
You visited 10 branches of the dungeon, and saw 52 of its levels.
You visited the Abyss 1 time.
You visited 1 bazaar.
You visited 1 ziggurat, and saw 7 of its levels.
You also visited: Trove, Sewer, Bailey, Ice Cave, Volcano, Wizlab and Desolation.

You collected 12053 gold pieces.
You spent 8265 gold pieces at shops.

Dungeon Overview and Level Annotations

Branches:
Dungeon (15/15)            Temple (0/1) D:6            Lair (6/6) D:10
  Swamp (4/4) Lair:4       Spider (4/4) Lair:3        Slime (0/5) Lair:5
    Orc (2/2) D:11            Elf (3/3) Orc:2        Vaults (5/5) D:13
  Crypt (3/3) Vaults:3       Tomb (0/3) Crypt:3      Depths (5/5) D:15
    Zot (5/5) Depths:5      Sewer (visited)          Bailey (visited)
  IceCv (visited)         Volcano (visited)          WizLab (visited)
Desolation (visited)

Shops:
D:1 *   D:2 ?   D:5 [   D:6 ?   Orc:1 (   Orc:2 (=*[   Elf:3 (   Vaults:1 ?
Vaults:4 (   Zot:2 *   Depths:3 *   Depths:4 ::=

Portals:
Hell: Depths:1 Depths:2 Depths:3 Depths:4 Depths:5
Abyss: Depths:2 Depths:4
Pandemonium: Depths:2 Depths:3

Annotations:
Orc:1 exclusions: wolf spider and 1 more exclusion
Zot:1 1 runed translucent door, Zibiobb's ghost, legendary OpVM

...........## #.................
...........# #.................
...........## #.........^.......
...........^# #.................
............## #.................
.............###..............^..
###########...###.)k..^..........
# ##...X##kqX.X..........
###.9@XDddXdX.....§..
#▓▓▓▓▓▓▓▓▓▓▓##..... ..... ...


You could see an electric golem, a storm dragon, a yellow draconian, a green
draconian, a white draconian, a purple draconian stormcaller, 6 Orb Guardians, a
death drake (summoned) and a wind drake (summoned, repels missiles).

Notes
Turn   | Place    | Note
-------+----------+-------------------------------------------
     0 | D:1      | theanonym the Demigod Gladiator began the quest for the
                  | Orb.
     0 | D:1      | Reached XP level 1. HP: 17/17 MP: 3/3
    42 | D:1      | Noticed a golden eye
    52 | D:1      | Noticed a great orb of eyes
    56 | D:1      | Noticed a golden eye
    56 | D:1      | Noticed a great orb of eyes
   144 | D:1      | Reached skill level 2 in Fighting
   144 | D:1      | Reached skill level 2 in Throwing
   341 | D:1      | HP: 7/17 [gnoll (2)]
   342 | D:1      | HP: 3/17 [gnoll (4)]
   345 | D:1      | Reached skill level 3 in Long Blades
   345 | D:1      | Reached XP level 2. HP: 4/24 MP: 4/4
  1071 | D:1      | Reached XP level 3. HP: 21/30 MP: 5/5
  1205 | D:1      | Found Pubbem's General Store.
  1371 | D:2      | Found Digi's Magic Scroll Emporium.
  1813 | D:2      | HP: 14/30 [poisoned by an adder]
  2057 | D:2      | HP: 14/30 [worm (8)]
  2058 | D:2      | HP: 6/30 [worm (8)]
  2324 | D:2      | Reached XP level 4. HP: 37/37 MP: 6/6
  2488 | D:2      | Reached skill level 4 in Long Blades
  2609 | D:3      | Noticed a human
  2611 | D:3      | Found a runed translucent door.
  2969 | D:3      | Reached skill level 3 in Fighting
  3327 | D:3      | Found a runed translucent door.
  3327 | D:3      | Noticed Crazy Yiuf
  3341 | D:3      | Killed Crazy Yiuf
  3342 | D:3      | Reached XP level 5. HP: 34/45 MP: 1/7
  3590 | D:4      | Noticed sn0wgr3's ghost (amateur MiFi)
  3789 | D:4      | Noticed Pikel
  3810 | D:4      | HP: 19/45 [Pikel (8)]
  3811 | D:4      | Killed Pikel
  3812 | D:4      | Reached skill level 4 in Fighting
  3812 | D:4      | Reached skill level 6 in Long Blades
  3812 | D:4      | Reached XP level 6. HP: 18/53 MP: 8/8
  3812 | D:4      | Reached XP level 7. HP: 20/60 MP: 9/9
  4147 | D:4      | Reached skill level 7 in Long Blades
  4283 | D:4      | Found a transporter.
  4287 | D:4      | Found a transporter.
  4457 | D:4      | theanonym: !lg * killer=~theanon
  4457 | D:4      | beem: 22. Fingolfin the Changer (L6 DrTm), blasted by
                  | theanonym's ghost (nerve-wracking pain) on D:4 on
                  | 2018-01-14 13:55:03, with 404 points after 3629 turns and
                  | 0:11:20.
  4470 | D:4      | HP: 43/90 [sn0wgr3's ghost (5)]
  4479 | D:4      | Killed sn0wgr3's ghost
  4479 | D:4      | HP: 38/90 [orc (3)]
  4480 | D:4      | Reached skill level 5 in Fighting
  4735 | D:5      | Entered Level 5 of the Dungeon
  4757 | D:5      | Found Marphul's Armour Boutique.
  5117 | D:5      | Reached XP level 8. HP: 67/68 MP: 10/10
  5129 | D:5      | Reached skill level 8 in Long Blades
  5631 | D:5      | HP: 35/70 [poisoned by an orc warrior]
  5632 | D:5      | Reached skill level 6 in Fighting
  5636 | D:5      | HP: 30/70 [poisoned by an orc warrior]
  6214 | D:6      | Found a glowing drain.
  6239 | D:6      | Reached skill level 9 in Long Blades
  6248 | Sewer    | Entered a sewer
  6364 | Sewer    | Noticed Purgy
  6379 | Sewer    | Killed Purgy
  6472 | D:6      | Found a staircase to the Ecumenical Temple.
  6767 | D:6      | HP: 31/71 [orc warrior (19)]
  6774 | D:6      | HP: 7/71 [orc warrior (17)]
  6780 | D:6      | HP: 5/106 [something (3)]
  7442 | D:6      | Found Futetty's Magic Scroll Shoppe.
  7497 | D:7      | Noticed a two-headed ogre
  7631 | D:7      | Reached XP level 9. HP: 72/78 MP: 11/11
  7820 | D:7      | Reached skill level 7 in Fighting
  7820 | D:7      | Reached skill level 10 in Long Blades
  8148 | D:7      | Killed a two-headed ogre
  8324 | D:7      | Identified the +4 falchion of Idwalaoh {speed, Str+5}
  8725 | D:8      | Reached skill level 11 in Long Blades
  8726 | D:8      | HP: 40/80 [poisoned by a kobold]
  9164 | D:7      | HP: 32/81 [orc warrior (12)]
  9546 | D:8      | Reached skill level 8 in Fighting
  9819 | D:8      | Identified a scroll of acquirement
  9820 | D:8      | Acquired 629 gold pieces
  9978 | D:1      | Bought a scroll of acquirement for 624 gold pieces
  9978 | D:1      | Acquired the +2 cloak "Duag" {rC- Regen+ Str+5 Dex-2 SInv}
 10250 | D:9      | Reached XP level 10. HP: 72/88 MP: 13/13
 10454 | D:9      | Noticed a boulder beetle
 10461 | D:9      | Killed a boulder beetle
 10632 | D:9      | Identified the +2 leather armour of Hospitality {*Corrode
                  | rC+ SInv Stlth+}
 11121 | D:9      | Noticed a fire dragon
 11129 | D:9      | HP: 43/90 [fire dragon/blast of flame (47)]
 11133 | D:9      | Killed a fire dragon
 11134 | D:9      | Reached skill level 12 in Long Blades
 11294 | D:5      | Bought the +3 cloak "Emy Uch" {Fly} for 371 gold pieces
 11646 | D:10     | Entered Level 10 of the Dungeon
 11768 | D:10     | Reached skill level 9 in Fighting
 11779 | D:10     | Found a staircase to the Lair.
 12130 | D:10     | Noticed Snorg
 12142 | D:10     | HP: 40/91 [Snorg (11)]
 12144 | D:10     | HP: 11/91 [Snorg (18)]
 12144 | D:10     | HP: 5/91 [Snorg (6)]
 12282 | D:10     | Killed Snorg
 12283 | D:10     | Reached skill level 13 in Long Blades
 12283 | D:10     | Reached XP level 11. HP: 55/97 MP: 14/14
 12499 | D:11     | Found a staircase to the Orcish Mines.
 12525 | D:11     | HP: 42/97 [large slime creature (18)]
 12782 | Lair:1   | Entered Level 1 of the Lair of Beasts
 12855 | Lair:1   | Found a dark tunnel.
 12876 | Volcano  | Entered a volcano
 12891 | Volcano  | Noticed a two-headed ogre
 12895 | Volcano  | HP: 48/99 [two-headed ogre (16)]
 12897 | Volcano  | Killed a two-headed ogre
 12974 | Volcano  | Noticed a two-headed ogre
 12975 | Volcano  | Noticed a two-headed ogre
 12977 | Volcano  | HP: 48/99 [salamander (9)]
 13025 | Volcano  | Killed a two-headed ogre
 13028 | Volcano  | Killed a two-headed ogre
 13052 | Volcano  | Reached skill level 10 in Fighting
 13710 | Lair:1   | Reached skill level 14 in Long Blades
 13966 | Lair:1   | Acquired a manual of Armour
 13996 | Lair:1   | Noticed a seven-headed hydra
 14001 | Lair:1   | Killed a five-headed hydra
 14002 | Lair:1   | Reached skill level 1 in Armour
 14030 | Lair:1   | Reached skill level 2 in Armour
 14386 | Lair:2   | Reached skill level 3 in Armour
 14495 | Lair:2   | Noticed Harold
 14508 | Lair:2   | Killed Harold
 14509 | Lair:2   | Reached skill level 4 in Armour
 14528 | Lair:2   | You fall into a shaft and drop 2 floors!
 14530 | Lair:4   | Noticed a catoblepas
 14539 | Lair:4   | Noticed a seven-headed hydra
 14548 | Lair:4   | Killed a five-headed hydra
 14549 | Lair:4   | Reached XP level 12. HP: 56/108 MP: 15/15
 14552 | Lair:4   | Killed a catoblepas
 14560 | Lair:4   | HP: 54/108 [hell rat (12)]
 14645 | Lair:3   | Reached skill level 5 in Armour
 14658 | Lair:3   | Reached skill level 11 in Fighting
 14703 | Lair:2   | Noticed Gastronok
 14710 | Lair:3   | HP: 48/110 [yak (8)]
 14715 | Lair:3   | HP: 49/110 [something/ball of steam (5)]
 14720 | Lair:3   | HP: 47/110 [steam dragon (2)]
 14723 | Lair:3   | Reached skill level 15 in Long Blades
 14796 | Lair:2   | Killed Gastronok
 14797 | Lair:2   | Reached skill level 6 in Armour
 14955 | Lair:2   | Noticed Prince Ribbit
 14992 | Lair:2   | Killed Prince Ribbit
 15143 | Lair:2   | Noticed an ice dragon
 15162 | Lair:2   | Killed an ice dragon
 15163 | Lair:2   | Reached skill level 7 in Armour
 15698 | Lair:3   | Found a hole to the Spider Nest.
 16461 | Lair:4   | Reached skill level 8 in Armour
 16486 | Lair:4   | Reached XP level 13. HP: 88/117 MP: 16/16
 16567 | Lair:4   | Found a staircase to the Swamp.
 16681 | Lair:4   | HP: 55/117 [black mamba (6)]
 16685 | Lair:4   | HP: 26/117 [poisoned by a black mamba]
 16690 | Lair:4   | HP: 15/117 [poisoned by a black mamba]
 16695 | Lair:4   | HP: 15/117 [poisoned by a black mamba]
 16796 | Lair:4   | Reached skill level 16 in Long Blades
 17278 | Lair:5   | Found a staircase to the Slime Pits.
 17296 | Lair:5   | Identified the +0 ring mail "Gixadaer" {Rampage Will+
                  | Str+2}
 17383 | Lair:5   | Reached skill level 9 in Armour
 17390 | Lair:5   | Reached skill level 12 in Fighting
 18074 | Lair:6   | Entered Level 6 of the Lair of Beasts
 18150 | Lair:5   | HP: 58/117 [poisoned by a black mamba]
 18155 | Lair:5   | HP: 57/117 [poisoned by a black mamba]
 18310 | Lair:6   | Reached skill level 10 in Armour
 18419 | Lair:6   | HP: 56/119 [spriggan (7)]
 18731 | Lair:6   | Reached skill level 17 in Long Blades
 18739 | Lair:6   | HP: 54/119 [death yak (18)]
 18846 | Lair:6   | Reached skill level 11 in Armour
 18853 | Lair:6   | Reached XP level 14. HP: 126/127 MP: 17/17
 19767 | D:11     | Noticed Sonja
 19771 | D:11     | Killed Sonja
 19847 | D:11     | HP: 52/127 [slime creature (14)]
 20063 | D:11     | Found a staircase to the Orcish Mines.
 20394 | Orc:1    | Entered Level 1 of the Orcish Mines
 20461 | Orc:1    | Found Pedeass's Weapon Emporium.
 20661 | Orc:1    | Noticed an orc warlord
 20689 | Orc:1    | Killed an orc warlord
 20690 | Orc:1    | Reached skill level 13 in Fighting
 20735 | Orc:1    | Bought the +7 great sword of Hoeth {freeze, rN+ rCorr Int-3
                  | Dex+5} for 1150 gold pieces
 21026 | Orc:2    | Entered Level 2 of the Orcish Mines
 21046 | Orc:2    | Noticed an orc warlord
 21097 | Orc:2    | Found Xaavan's General Store.
 21148 | Orc:2    | Found Bixkum's Antique Weapon Boutique.
 21196 | Orc:2    | Reached skill level 12 in Armour
 21287 | Orc:2    | Noticed an orc warlord
 21316 | Orc:1    | theanonym: !lg * title=~god
 21316 | Orc:1    | beem: 588. WindowMaker the Marksdemigod (L13 DgAM), slain
                  | by a cane toad (kmap: minmay_lair_end_frog_pond) on Lair:6
                  | on 2021-08-10 03:43:55, with 39699 points after 21456 turns
                  | and 1:07:19.
 21316 | Orc:1    | theanonym: !lg * s=title title=~god
 21316 | Orc:1    | beem: 588 games for * (title=~god): 401x Godless, 94x
                  | Marksdemigod, 31x God of Death, 27x Placeless Demigod, 19x
                  | Merry Demigod, 6x Pike-Demigod, 4x Shapeless Demigod, 3x
                  | God-Hated, 2x Demigod of Death, Demigod Porcupine
 21316 | Orc:1    | theanonym: !lg * title=Godless -log
 21316 | Orc:1    | beem: 401. Slurm, XL1 CeWn, T:51:
                  | http://crawl.akrasiac.org/rawdata/Slurm/morgue-Slurm-200807
                  | 05-164820.txt
 21316 | Orc:1    | theanonym: !lg * title=Godless -log win
 21316 | Orc:1    | beem: No games for * (title=Godless win).
 21316 | Orc:1    | theanonym: !lg * s=title title=~god win
 21316 | Orc:1    | beem: 69 games for * (title=~god win): 30x God of Death,
                  | 19x Marksdemigod, 12x Merry Demigod, 3x God-Hated, 2x
                  | Shapeless Demigod, Placeless Demigod, Demigod Porcupine,
                  | Demigod of Death
 21316 | Orc:1    | theanonym: !lg * title=God-Hated -log win
 21316 | Orc:1    | beem: 3. booing, XL27 BaTm, T:83090:
                  | http://lazy-life.ddo.jp:8080/morgue/booing/morgue-booing-20
                  | 210611-045624.txt
 21316 | Orc:1    | theanonym: !lg * s=title title=~god win race=dg
 21316 | Orc:1    | beem: 66 games for * (title=~god win race=dg): 30x God of
                  | Death, 19x Marksdemigod, 12x Merry Demigod, 2x Shapeless
                  | Demigod, Placeless Demigod, Demigod Porcupine, Demigod of
                  | Death
 21525 | Orc:1    | Killed an orc warlord
 21527 | Orc:1    | HP: 64/129 [poisoned by an orc warlord]
 21532 | Orc:1    | HP: 60/129 [poisoned by an orc warlord]
 21537 | Orc:1    | HP: 60/129 [poisoned by an orc warlord]
 21634 | Orc:2    | Found Javy's Antique Armour Emporium.
 21654 | Orc:2    | Found a staircase to the Elven Halls.
 21783 | Orc:2    | Killed an orc warlord
 21787 | Orc:2    | Found Beqetz's Jewellery Shoppe.
 21817 | Orc:2    | Bought an amulet of regeneration for 390 gold pieces
 22270 | D:12     | Noticed Psyche
 22292 | D:12     | Killed Psyche
 22384 | D:12     | Reached skill level 18 in Long Blades
 22401 | D:12     | Found a frozen archway.
 22453 | D:12     | HP: 62/129 [electric eel/bolt of electricity (12)]
 22458 | D:12     | HP: 46/129 [water elemental (9)]
 22463 | D:12     | HP: 46/129 [drowned by a water elemental (5)]
 22467 | D:12     | HP: 21/129 [drowned by a water elemental (6)]
 22469 | D:12     | HP: 6/129 [drowned by a water elemental (8)]
 22565 | IceCv    | Entered an ice cave
 23057 | IceCv    | Got the Guide on Displacement
 23249 | D:12     | Noticed Kirke
 23257 | D:12     | Killed Kirke
 23451 | D:12     | Noticed Jorgrun
 23467 | D:12     | HP: 59/129 [constriction (12)]
 23474 | D:12     | Killed Jorgrun
 23475 | D:12     | Reached XP level 15. HP: 57/136 MP: 18/18
 23613 | D:12     | Got Cigotuvi's Incunabulum of Dark Rituals
 23685 | D:12     | Noticed Erolcha
 23686 | D:12     | Killed Erolcha
 24045 | D:13     | Reached skill level 13 in Armour
 24067 | D:13     | Found a gate to the Vaults.
 24113 | D:13     | Identified the +0 ring mail of Hedge Wizardry {Str+2}
 24321 | D:13     | Found a flagged portal.
 24336 | Bailey   | Entered a bailey
 24552 | Bailey   | HP: 39/137 [orc warlord (37)]
 24554 | Bailey   | HP: 17/137 [orc knight (12)]
 24602 | Bailey   | Reached skill level 14 in Fighting
 24697 | Bailey   | Reached skill level 5 in Dodging
 24697 | Bailey   | Reached XP level 16. HP: 146/146 MP: 19/19
 24698 | Bailey   | Reached skill level 7 in Dodging
 24698 | Bailey   | Reached XP level 17. HP: 152/152 MP: 20/20
 25450 | D:14     | Reached skill level 19 in Long Blades
 25739 | D:15     | Entered Level 15 of the Dungeon
 25835 | D:15     | Noticed Nessos
 25839 | D:15     | Killed Nessos
 26058 | D:15     | Found a staircase to the Depths.
 26403 | Swamp:1  | Entered Level 1 of the Swamp
 27091 | Swamp:2  | Noticed Aizul
 27123 | Swamp:2  | Noticed Frances
 27215 | Swamp:1  | Killed Frances
 27393 | Swamp:2  | HP: 69/154 [bunyip (72)]
 27398 | Swamp:2  | HP: 39/154 [poisoned by Aizul (poison arrow)]
 27403 | Swamp:2  | HP: 29/154 [poisoned by Aizul (poison arrow)]
 27408 | Swamp:2  | HP: 50/154 [poisoned by Aizul (bolt of poison)]
 27411 | Swamp:2  | Killed Aizul
 27413 | Swamp:2  | HP: 32/154 [poisoned by Aizul (bolt of poison)]
 27529 | Swamp:2  | Reached skill level 14 in Armour
 27743 | Swamp:1  | Reached XP level 18. HP: 142/161 MP: 21/21
 27839 | Swamp:2  | Got Faotsefa's Disquisition on Conjuration
 28197 | Swamp:3  | Noticed Louise
 28198 | Swamp:3  | Cast into level 2 of the Abyss (Louise)
 28633 | Abyss:2  | Reached skill level 8 in Dodging
 28670 | Abyss:2  | Reached skill level 20 in Long Blades
 28678 | Abyss:2  | HP: 54/129 [freezing wraith (14)]
 28780 | Abyss:2  | Noticed a tentacled monstrosity
 28786 | Abyss:2  | Killed a tentacled monstrosity
 28787 | Abyss:2  | Reached skill level 15 in Fighting
 28806 | Swamp:3  | Escaped the Abyss
 29014 | Swamp:3  | Killed Louise
 29342 | Swamp:4  | Entered Level 4 of the Swamp
 29362 | Swamp:4  | Reached skill level 9 in Dodging
 29366 | Swamp:4  | Noticed Bai Suzhen
 29393 | Swamp:3  | HP: 79/163 [eight-headed hydra[Bai Suzhen] (10)]
 29400 | Swamp:3  | HP: 63/163 [Bai Suzhen (1)]
 29401 | Swamp:3  | Killed Bai Suzhen
 29764 | Swamp:3  | HP: 67/163 [ghoul (18)]
 29766 | Swamp:3  | Reached skill level 15 in Armour
 30021 | Swamp:4  | Reached skill level 10 in Dodging
 30320 | Swamp:4  | Got a decaying rune of Zot
 30761 | Orc:2    | Bought a shiny plate armour for 780 gold pieces
 30961 | D:2      | Bought a scroll of identify for 28 gold pieces
 30961 | D:2      | Bought a scroll of identify for 28 gold pieces
 30961 | D:2      | Bought a scroll of identify for 28 gold pieces
 30961 | D:2      | Bought a scroll of identify for 28 gold pieces
 30961 | D:2      | Bought a scroll of enchant weapon for 105 gold pieces
 30961 | D:2      | Bought a scroll of enchant weapon for 105 gold pieces
 30961 | D:2      | Bought a scroll of enchant armour for 105 gold pieces
 30961 | D:2      | Bought a scroll of teleportation for 42 gold pieces
 30961 | D:2      | Bought a scroll of enchant weapon for 105 gold pieces
 30961 | D:2      | Bought a scroll of identify for 28 gold pieces
 30961 | D:2      | Bought a scroll of teleportation for 42 gold pieces
 31223 | Spider:1 | Entered Level 1 of the Spider Nest
 31352 | Spider:1 | Reached XP level 19. HP: 172/172 MP: 22/22
 31383 | Spider:1 | Reached skill level 16 in Fighting
 32013 | Spider:2 | Noticed Gruesome's ghost (adept TrHu)
 32020 | Spider:2 | Found a transporter.
 32055 | Spider:2 | Found a transporter.
 32537 | Spider:3 | Reached skill level 11 in Dodging
 33047 | Spider:3 | Noticed Donald
 33066 | Spider:3 | Killed Donald
 33445 | Spider:3 | Found the +5 robe of Misfortune {Contam Harm *Corrode Drain
                  | *Slow EV+5}
 33582 | Spider:4 | Entered Level 4 of the Spider Nest
 33930 | Spider:4 | Reached skill level 16 in Armour
 34783 | Spider:4 | Got a gossamer rune of Zot
 35086 | Vaults:1 | Entered Level 1 of the Vaults
 35174 | Vaults:1 | Found a crumbling gateway.
 35189 | Vaults:1 | Reached skill level 12 in Dodging
 35211 | Desolati | Entered the Desolation of Salt
 35246 | Desolati | HP: 69/174 [crystal guardian (23)]
 35263 | Desolati | HP: 86/174 [ironbound convoker (7)]
 35353 | Desolati | Reached skill level 17 in Fighting
 35365 | Desolati | Identified the +7 morningstar "Fiskelu" {speed, Fragile
                  | +Blink rC+ Dex+4}
 35367 | Desolati | Identified the -3 pair of boots of Juigap {rC+++}
 35374 | Desolati | Got the Volume of Excruciating Dislocation
 35434 | Desolati | Identified the ring "Jipnos" {rPois rC+ SInv}
 35455 | Desolati | Identified the ring "Ulemesti" {Dex+2 SInv}
 35675 | Desolati | Got the Guide on Battle Magic
 35685 | Desolati | Identified the ring "Paqoh" {+Blink Fly rPois Will+ Dex+4}
 35780 | Desolati | Reached XP level 20. HP: 150/184 MP: 24/24
 35961 | Desolati | HP: 67/170 [peacekeeper (27)]
 36080 | Desolati | HP: 80/161 [halazid warlock/bolt of negative energy (14)]
 36123 | Desolati | Identified the +6 leather armour of Protective Custody
                  | {+Blink}
 36283 | Vaults:1 | HP: 80/168 [ironbound beastmaster (11)]
 36349 | Vaults:1 | Found Upoh Cara's Magic Scroll Shop.
 36352 | Vaults:1 | Bought a scroll of blinking for 82 gold pieces
 36352 | Vaults:1 | Bought a scroll of teleportation for 33 gold pieces
 36352 | Vaults:1 | Bought a scroll of teleportation for 33 gold pieces
 36352 | Vaults:1 | Bought a scroll of magic mapping for 38 gold pieces
 36352 | Vaults:1 | Bought a scroll of identify for 22 gold pieces
 36352 | Vaults:1 | Bought a scroll of identify for 22 gold pieces
 36565 | Vaults:1 | Identified the +0 pair of boots of Asaettit {-Tele rF+
                  | Will++ Int+3}
 36677 | Vaults:1 | Reached skill level 17 in Armour
 36685 | Vaults:1 | Reached skill level 13 in Dodging
 37491 | Vaults:2 | HP: 88/187 [ironbound beastmaster (12)]
 37500 | Vaults:1 | HP: 78/187 [dire elephant[an ironbound beastmaster] (5)]
 37851 | Vaults:2 | Noticed Frederick
 37902 | Vaults:2 | Killed Frederick
 38348 | Vaults:2 | Reached skill level 18 in Fighting
 39137 | Vaults:3 | Noticed Margery
 39286 | Vaults:3 | Killed Margery
 39293 | Vaults:3 | HP: 93/188 [Margery the human simulacrum[a necromancer]
                  | (5)]
 39293 | Vaults:3 | HP: 43/188 [Margery the human simulacrum[a necromancer]
                  | (50)]
 39300 | Vaults:3 | HP: 50/188 [ironbound frostheart/creeping frost (7)]
 39307 | Vaults:3 | HP: 57/188 [ironbound frostheart (8)]
 39314 | Vaults:3 | HP: 63/188 [ironbound frostheart/creeping frost (20)]
 39315 | Vaults:3 | Reached skill level 14 in Dodging
 39319 | Vaults:3 | HP: 65/188 [ironbound frostheart/creeping frost (7)]
 39396 | Vaults:3 | Found a flickering gateway to a bazaar.
 39408 | Bazaar   | Entered a bazaar
 39415 | Bazaar   | Found Innihef's Distillery.
 39429 | Bazaar   | Found Peyveph's Armour Boutique.
 39443 | Bazaar   | Found Gynaemp's Magic Scroll Shop.
 39451 | Bazaar   | Bought a scroll of acquirement for 520 gold pieces
 39451 | Bazaar   | Acquired 1039 gold pieces
 39459 | Bazaar   | Found Kodi's Book Boutique.
 39473 | Bazaar   | Found Ferinoig's Book Shop.
 39501 | Bazaar   | Found Joulexto's Distillery.
 39585 | Bazaar   | Bought a scroll of teleportation for 30 gold pieces
 39585 | Bazaar   | Bought a scroll of brand weapon for 200 gold pieces
 39585 | Bazaar   | Bought a scroll of enchant weapon for 75 gold pieces
 39610 | Bazaar   | Bought a potion of might for 36 gold pieces
 39610 | Bazaar   | Bought 2 potions of resistance for 180 gold pieces
 39610 | Bazaar   | Bought a potion of haste for 90 gold pieces
 39682 | Bazaar   | Bought a potion of resistance for 100 gold pieces
 39682 | Bazaar   | Bought a potion of haste for 100 gold pieces
 39682 | Bazaar   | Bought a potion of might for 40 gold pieces
 39945 | Vaults:3 | Found a staircase to the Crypt.
 40200 | Vaults:3 | Reached XP level 21. HP: 194/195 MP: 25/25
 40283 | Vaults:3 | HP: 83/195 [orc knight (23)]
 40288 | Vaults:3 | HP: 83/195 [orc knight (10)]
 40290 | Vaults:3 | Reached skill level 18 in Armour
 40311 | Vaults:3 | HP: 91/195 [orc warrior (14)]
 40319 | Vaults:3 | HP: 54/195 [orc knight (25)]
 40326 | Vaults:3 | HP: 49/195 [orc priest/divine providence (9)]
 41203 | Vaults:4 | Found a magical portal.
 41218 | WizLab   | Entered The Chambers of the Cloud Mage
 41269 | WizLab   | Paralysed by an air elemental for 1 turns
 41353 | WizLab   | Paralysed by an air elemental for 1 turns
 41505 | WizLab   | Paralysed by an air elemental for 1 turns
 41514 | WizLab   | Reached skill level 15 in Dodging
 41520 | WizLab   | HP: 92/196 [something (15)]
 41526 | WizLab   | HP: 62/196 [blizzard demon/bolt of cold (3)]
 41531 | WizLab   | HP: 58/196 [blizzard demon/freezing blast (6)]
 41625 | WizLab   | Paralysed by an air elemental for 1 turns
 41628 | WizLab   | Reached skill level 19 in Fighting
 41925 | Vaults:4 | Found Jatogefe's Antique Weapon Shoppe.
 42166 | Vaults:4 | HP: 85/198 [deep troll[an ironbound preserver] (16)]
 42171 | Vaults:4 | HP: 72/198 [poisoned by a vault warden]
 42176 | Vaults:4 | HP: 74/198 [deep troll[an ironbound preserver] (1)]
 42693 | Vaults:4 | Found a portal to a secret trove of treasure.
 43247 | Orc:2    | Bought a runed great sword for 161 gold pieces
 43390 | D:6      | Bought a scroll of teleportation for 39 gold pieces
 43390 | D:6      | Bought a scroll of identify for 26 gold pieces
 43390 | D:6      | Bought a scroll of silence for 97 gold pieces
 43390 | D:6      | Bought a scroll of identify for 26 gold pieces
 43390 | D:6      | Bought a scroll of teleportation for 39 gold pieces
 43390 | D:6      | Bought a scroll of identify for 26 gold pieces
 43390 | D:6      | Bought a scroll of enchant armour for 97 gold pieces
 43390 | D:6      | Bought a scroll of blinking for 97 gold pieces
 43390 | D:6      | Bought a scroll of blinking for 97 gold pieces
 43527 | Elf:1    | Entered Level 1 of the Elven Halls
 43648 | Elf:1    | Noticed Asterion
 43673 | Elf:1    | Killed Asterion
 43716 | Elf:1    | Noticed Roxanne
 43717 | Elf:1    | You are sucked into a shaft and drop 1 floor!
 43885 | Elf:2    | Found a runed translucent gate.
 43912 | Elf:2    | Found a runed translucent gate.
 43912 | Elf:2    | Found a runed translucent gate.
 43952 | Elf:2    | Reached skill level 16 in Dodging
 44258 | Elf:1    | Killed Roxanne
 44556 | Elf:1    | Acquired a manual of Fighting
 44793 | Elf:1    | Reached skill level 20 in Fighting
 44881 | Elf:1    | Reached XP level 22. HP: 209/209 MP: 26/26
 45108 | Elf:1    | Noticed Agnes
 45118 | Elf:1    | Killed Agnes
 45819 | Elf:3    | Entered Level 3 of the Elven Halls
 45820 | Elf:3    | Paralysed by an air elemental for 1 turns
 46219 | Elf:3    | Found Urippomn's Antique Weapon Boutique.
 46777 | Elf:3    | Identified the +2 robe of Anaesthesia {rPois Int-3 Dex+3
                  | Slay+3}
 46777 | Elf:3    | Identified the ring "Suemaymet" {rF+ MP+9 Str+3 Dex+3
                  | Slay+2}
 46791 | Elf:3    | Identified the +5 quarterstaff of Animal Spirits {vorpal,
                  | Contam rC+ rCorr Dex+4}
 46830 | Elf:3    | Reached skill level 17 in Dodging
 46845 | Elf:3    | Reached skill level 21 in Fighting
 46899 | Elf:3    | Found the +2 cloak of the Thief {*Fog Slay-2 SInv Stlth+}
 46910 | Elf:3    | Got the Almanac of the Glacial Compass
 46912 | Elf:3    | Got Loudghaba's Volume of Shifting Displacement
 46993 | Elf:3    | Found the +7 sceptre of Torment {pain, torment}
 47011 | Elf:3    | Got the Reference Book on Cold
 47014 | Elf:3    | Identified the ring "Dixkixae" {MP+9 Int+2 Slay+2}
 47018 | Elf:3    | Got Sif Muna's Tome of Blistering Intoxication
 47369 | Depths:1 | Entered Level 1 of the Depths
 47546 | Depths:2 | Found a gateway to Hell.
 47658 | Depths:1 | HP: 102/213 [ice dragon/blast of cold (9)]
 47663 | Depths:1 | HP: 102/213 [poisoned by a tengu reaver (bolt of poison)]
 47669 | Depths:1 | HP: 97/213 [poisoned by a tengu reaver (bolt of poison)]
 47682 | Depths:1 | HP: 93/213 [stone giant (25)]
 47687 | Depths:1 | HP: 73/213 [stone giant/large rock (20)]
 47705 | Depths:1 | HP: 105/213 [white ugly thing (8)]
 49731 | Depths:2 | Found a one-way gate to the infinite horrors of the Abyss.
 50173 | Depths:2 | Reached skill level 22 in Fighting
 50254 | Depths:2 | Found a one-way gate leading to the halls of Pandemonium.
 50668 | Depths:2 | Noticed the Enchantress
 50704 | Depths:2 | Reached XP level 23. HP: 206/223 MP: 27/27
 50707 | Depths:2 | Killed the Enchantress
 50718 | Depths:2 | Reached skill level 18 in Dodging
 50761 | Depths:2 | Identified the ring of the Rotten lemon {AC+4 Stlth+}
 51465 | Depths:3 | Identified the amulet "Lien" {Faith rF+ Dex-5 SInv Stlth+}
 51801 | Depths:3 | Reached skill level 21 in Long Blades
 51974 | Depths:3 | Found Koerush's Assorted Antiques.
 51983 | Depths:3 | Bought a scroll of acquirement for 1560 gold pieces
 51983 | Depths:3 | Bought a vibrating pewter ring for 150 gold pieces
 51983 | Depths:3 | Identified the ring of Juemp {Ice *Slow Fly rPois Int+4}
                  | (You bought it in a shop on level 3 of the Depths)
 51983 | Depths:3 | Acquired a +1 vorpal triple sword
 52298 | D:6      | Bought a scroll of fog for 26 gold pieces
 52635 | Vaults:4 | You paid a toll of 7 scrolls of fog to enter a treasure
                  | trove
 52636 | Trove    | Entered a treasure trove
 52643 | Trove    | Identified the +0 pair of gloves "Liragg" {rN+ rCorr Int+4}
 52649 | Trove    | Identified the amulet of Otrith {RegenMP rPois Will++
                  | Int-5}
 52651 | Trove    | Identified the +0 hat of Beastly Life {rN++ rCorr Int-5}
 52659 | Trove    | Identified the amulet "Yffoacs" {Spirit rF+}
 53707 | Depths:4 | Noticed a juggernaut
 53726 | Depths:4 | HP: 90/223 [juggernaut (54)]
 53727 | Depths:4 | Killed a juggernaut
 53728 | Depths:4 | HP: 42/223 [juggernaut simulacrum[a necromancer] (14)]
 53820 | Depths:4 | Reached skill level 22 in Long Blades
 53887 | Depths:4 | Found Zyshracw's Jewellery Emporium.
 53887 | Depths:4 | Found Feal's Book Shop.
 53888 | Depths:4 | Found Nybb's Book Shop.
 54220 | Depths:4 | HP: 106/223 [flayed ghost/flay_damage (34)]
 54225 | Depths:4 | HP: 104/223 [jiangshi[a vampire mage] (2)]
 54804 | Depths:5 | Entered Level 5 of the Depths
 54992 | Depths:5 | Found a gate to the Realm of Zot.
 55019 | Depths:5 | Reached XP level 24. HP: 220/232 MP: 27/27
 55262 | Depths:5 | Found a gateway to a ziggurat.
 55332 | Depths:5 | Reached skill level 23 in Long Blades
 55897 | Spider:2 | Killed Gruesome's ghost
 55993 | Spider:2 | Identified the amulet "Dupian" {Spirit Will+ Int+3 Slay-5}
 56348 | Crypt:1  | Entered Level 1 of the Crypt
 57516 | Crypt:2  | Reached skill level 24 in Long Blades
 57835 | Crypt:3  | Entered Level 3 of the Crypt
 57904 | Crypt:3  | Noticed an ancient lich
 57914 | Crypt:3  | Killed an ancient lich
 57960 | Crypt:3  | Found the +7 Singing Sword {vorpal, sonic wave}
 58250 | Crypt:3  | Found a staircase to the Tomb.
 59213 | Zig:1    | Entered Level 1 of a ziggurat
 59229 | Zig:2    | Entered Level 2 of a ziggurat
 59230 | Zig:2    | Paralysed by an air elemental for 1 turns
 59236 | Zig:2    | Reached skill level 25 in Long Blades
 59246 | Zig:3    | Entered Level 3 of a ziggurat
 59277 | Zig:4    | Entered Level 4 of a ziggurat
 59278 | Zig:4    | Found the ring of the Mage {Wiz Will++ Int+3}
 59306 | Zig:5    | Entered Level 5 of a ziggurat
 59361 | Zig:5    | Identified the ring "Kyja" {rElec Str+3 Int+6}
 59371 | Zig:6    | Entered Level 6 of a ziggurat
 59393 | Zig:6    | Reached XP level 25. HP: 238/238 MP: 27/27
 59430 | Zig:7    | Entered Level 7 of a ziggurat
 59442 | Zig:7    | HP: 116/238 [poisoned by a green draconian knight (poison
                  | gas)]
 59447 | Zig:7    | HP: 69/238 [poisoned by a green draconian knight (poison
                  | gas)]
 59452 | Depths:5 | HP: 40/238 [poisoned by a green draconian knight (poison
                  | gas)]
 59881 | Vaults:5 | Entered Level 5 of the Vaults
 59885 | Vaults:5 | Noticed Xtahua
 59905 | Vaults:5 | Identified the ring of Winter {rC+ Str+7}
 59907 | Vaults:5 | Found the amulet of the Air {Inacc Air Fly rElec RMsl}
 59916 | Vaults:5 | Noticed a dread lich
 59917 | Vaults:5 | HP: 117/238 [golden dragon (9)]
 59922 | Vaults:5 | HP: 97/238 [tengu reaver (4)]
 59933 | Vaults:5 | HP: 107/238 [yaktaur captain/bolt (11)]
 59952 | Vaults:5 | HP: 115/238 [lindwurm (glowing shapeshifter)/blast of flame
                  | (3)]
 59960 | Vaults:5 | HP: 117/238 [quicksilver dragon (15)]
 60097 | Vaults:5 | Reached skill level 26 in Long Blades
 60198 | Vaults:5 | Killed a dread lich
 60210 | Vaults:5 | Got a silver rune of Zot
 60311 | Vaults:5 | Identified the +1 robe of Virihump {rC+ Slay+5}
 60500 | Vaults:5 | Got Sophisticated Spellcraft
 60624 | Vaults:5 | Killed Xtahua
 60872 | Vaults:5 | Got the Catalogue of Supportive Intoxication
 60913 | Vaults:5 | Identified the ring of Cibaris {rN+ EV+4 Str+2}
 60957 | Vaults:5 | Identified the ring "Uniyth" {Fly Slay+2}
 61038 | Vaults:5 | Noticed Saint Roka
 61054 | Vaults:5 | Reached skill level 27 in Long Blades
 61067 | Vaults:5 | HP: 114/239 [Saint Roka/divine providence (17)]
 61068 | Vaults:5 | Killed Saint Roka
 61072 | Vaults:5 | HP: 98/239 [cloud of flame (5)]
 61238 | Vaults:5 | Noticed a dread lich
 61242 | Vaults:5 | Killed a dread lich
 61243 | Vaults:5 | theanonym: ??boris
 61243 | Vaults:5 | beem: boris[1/3]: A unique lich who has an awesome habit of
                  | staying undead. Spells: bolt of cold, invisibility, animate
                  | dead, iron shot, iood.
 61243 | Vaults:5 | theanonym: ??boris[
 61243 | Vaults:5 | beem: I don't have a page labeled boris[ in my learndb.
 61243 | Vaults:5 | theanonym: ??boris[1
 61243 | Vaults:5 | beem: boris[1/3]: A unique lich who has an awesome habit of
                  | staying undead. Spells: bolt of cold, invisibility, animate
                  | dead, iron shot, iood.
 61243 | Vaults:5 | theanonym: ??boris[2
 61243 | Vaults:5 | beem: boris[2/3]: IRON BOLT DRAIN CRYSTAL SPEAR LOL HI IM
                  | BORIS
 61243 | Vaults:5 | theanonym: ??boris[3
 61243 | Vaults:5 | beem: boris[3/3]: Boris says to your 12-headed hydra, "You
                  | haven't seen the last of me!"
 61260 | Vaults:5 | Reached skill level 19 in Dodging
 61299 | Vaults:5 | Noticed a dread lich
 61304 | Vaults:5 | Killed a dread lich
 61502 | Vaults:5 | Got Haurhehy's Incunabulum of Freezing Darkness
 61984 | Zot:1    | Entered Level 1 of the Realm of Zot
 62055 | Zot:1    | Reached XP level 26. HP: 192/248 MP: 27/27
 62370 | Zot:1    | Found a runed translucent door.
 62370 | Zot:1    | Noticed Zibiobb's ghost (legendary OpVM)
 62371 | Zot:1    | Identified the +5 battleaxe of Resourcefulness {chaos,
                  | Int+2 Dex+4}
 63265 | Vaults:1 | Bought a scroll of enchant armour for 82 gold pieces
 63265 | Vaults:1 | Bought a scroll of enchant armour for 82 gold pieces
 63265 | Vaults:1 | Bought a scroll of enchant armour for 82 gold pieces
 63924 | Zot:2    | Reached skill level 23 in Fighting
 63924 | Zot:2    | Reached skill level 19 in Armour
 63924 | Zot:2    | Reached XP level 27. HP: 258/258 MP: 27/27
 64036 | Zot:2    | Found Iroreg's CLEARANCE SALE! EVERYTHING MUST GO!.
 64044 | Zot:2    | Bought 2 scrolls of teleportation for 18 gold pieces
 64802 | Zot:3    | Reached skill level 20 in Dodging
 65683 | Zot:3    | Learned a level 1 spell: Apportation
 65686 | Zot:3    | Learned a level 2 spell: Blink
 65690 | Zot:3    | Learned a level 3 spell: Swiftness
 65696 | Zot:3    | Learned a level 5 spell: Silence
 65700 | Zot:3    | Learned a level 3 spell: Lesser Beckoning
 65847 | Zot:4    | Reached skill level 1 in Spellcasting
 65847 | Zot:4    | Reached skill level 1 in Translocations
 66071 | Zot:4    | Reached skill level 2 in Translocations
 66082 | Zot:4    | Reached skill level 2 in Spellcasting
 66651 | Zot:4    | Reached skill level 3 in Translocations
 66846 | Zot:4    | Reached skill level 3 in Spellcasting
 67052 | Zot:5    | Entered Level 5 of the Realm of Zot
 67155 | Zot:5    | Reached skill level 4 in Translocations
 67157 | Zot:5    | Reached skill level 20 in Armour
 67262 | Zot:5    | Reached skill level 4 in Spellcasting
 67482 | Zot:5    | Reached skill level 5 in Translocations
 67818 | Zot:5    | Reached skill level 5 in Spellcasting
 67853 | Zot:5    | Reached skill level 6 in Translocations
 67986 | Zot:5    | Noticed an ancient lich
 67997 | Zot:5    | Killed an ancient lich
 67998 | Zot:5    | Reached skill level 6 in Spellcasting
 68003 | Zot:5    | Noticed a dread lich
 68008 | Zot:5    | Paralysed by a dread lich for 6 turns
 68020 | Zot:5    | Killed a dread lich
 68021 | Zot:5    | Reached skill level 7 in Translocations
 68106 | Zot:5    | Noticed an orb of fire
 68108 | Zot:5    | Gained mutation: You have hidden genetic defects. [an orb
                  | of fire]
 68111 | Zot:5    | Noticed an orb of fire
 68113 | Zot:5    | Noticed an orb of fire
 68118 | Zot:5    | Gained mutation: Armour fits poorly on your strangely
                  | shaped body. [an orb of fire]
 68121 | Zot:5    | Gained mutation: Your body sometimes deteriorates upon
                  | taking damage. [an orb of fire]
 68126 | Zot:5    | Killed an orb of fire
 68127 | Zot:5    | Reached skill level 7 in Spellcasting
 68134 | Zot:5    | Killed an orb of fire
 68134 | Zot:5    | Gained mutation: You are frail. (-10% HP) [hidden defects]
 68135 | Zot:5    | Reached skill level 8 in Translocations
 68136 | Zot:5    | Gained mutation: Your system is resistant to poisons.
                  | (rPois) [an orb of fire]
 68138 | Zot:5    | Gained mutation: Your body often deteriorates upon taking
                  | damage. [an orb of fire]
 68140 | Zot:5    | Noticed an orb of fire
 68144 | Zot:5    | Killed an orb of fire
 68151 | Zot:5    | Gained mutation: You tend to lose your temper in combat.
                  | [mutagenic glow]
 68152 | Zot:5    | Noticed an orb of fire
 68153 | Zot:5    | Killed an orb of fire
 68154 | Zot:5    | Reached skill level 8 in Spellcasting
 68161 | Zot:5    | Reached skill level 9 in Translocations
 68165 | Zot:5    | HP: 155/349 [Orb Guardian (23)]
 68169 | Zot:5    | Noticed an orb of fire
 68170 | Zot:5    | HP: 62/233 [black draconian monk (19)]
 68178 | Zot:5    | Noticed an ancient lich
 68179 | Zot:5    | Killed an orb of fire
 68180 | Zot:5    | HP: 50/233 [Orb Guardian (23)]
 68181 | Zot:5    | Gained mutation: You often lose your temper in combat. [an
                  | orb of fire]
 68181 | Zot:5    | Gained mutation: You are very frail. (-20% HP) [an orb of
                  | fire]
 68184 | Zot:5    | Gained mutation: You are extremely frail. (-30% HP)
                  | [mutagenic glow]
 68247 | Zot:5    | Noticed an ancient lich
 68276 | Zot:5    | Killed an ancient lich
 68315 | Zot:5    | Killed an ancient lich
 68379 | Zot:5    | Killed an orb of fire
 68383 | Zot:5    | HP: 77/182 [electric golem/bolt of lightning (49)]
 68390 | Zot:5    | HP: 46/182 [Orb Guardian (40)]
 68391 | Zot:5    | HP: 18/182 [Orb Guardian (7)]
 68391 | Zot:5    | Mangled by an electric golem

Vanquished Creatures
  4 dread liches
  4 ancient liches
  6 orbs of fire (Zot:5)
  A juggernaut (Depths:4)
  3 Killer Klowns (Zot:5)
  Saint Roka (Vaults:5)
  Bai Suzhen (Swamp:3)
  Frederick (Vaults:2)
  Xtahua (Vaults:5)
  Margery (Vaults:3)
  2 curse toes
  11 golden dragons
  A profane servitor (Zig:5)
  2 bone dragons
  A Cloud Mage (WizLab)
  Jorgrun (D:12)
  An electric golem (Zig:1)
  15 tentacled monstrosities
  4 liches
  The ghost of Gruesome the Brawler, an adept TrHu of the Shining One (Spider:2)
  Asterion (Elf:1)
  15 Orb Guardians (Zot:5)
  3 deep elf blademasters
  A titan (Vaults:5)
  2 deep elf master archers (Elf:3)
  8 quicksilver dragons
  11 death cobs
  Frances (Swamp:1)
  Gastronok (Lair:2)
  Agnes (Elf:1)
  An ancient champion (Crypt:2)
  4 thorn hunters
  3 sphinxes
  6 tengu reavers
  Kirke (D:12)
  9 shadow dragons
  Donald (Spider:3)
  Roxanne (Elf:1)
  9 storm dragons
  7 draconian monks
  5 draconian knights
  A fenstrider witch (shapeshifter) (Zig:4)
  11 fire giants
  16 frost giants
  2 revenants
  12 ghost moths
  5 iron dragons
  5 deep elf sorcerers
  7 draconian scorchers
  5 orc warlords
  16 vault wardens
  11 ghouls
  Aizul (Swamp:2)
  7 emperor scorpions
  An imperial myrmidon (Desolation)
  3 draconian shifters
  2 deep elf elementalists (Elf:3)
  A cacodemon (Abyss:2)
  18 ironbound preservers
  2 reapers
  A curse skull (Crypt:1)
  Louise (Swamp:3)
  9 war gargoyles
  A quicksilver ooze (shapeshifter) (Vaults:5)
  3 draconian annihilators
  14 stone giants
  2 spriggan defenders
  28 very ugly things
  2 draconian stormcallers
  6 deep elf demonologists
  9 vampire knights
  Nessos (D:15)
  5 green draconians
  10 bunyips
  17 black draconians
  3 deep elf annihilators (Elf:3)
  9 yellow draconians
  2 halazid warlocks (Desolation)
  5 entropy weavers
  13 purple draconians
  9 dire elephants
  8 white draconians
  6 spark wasps
  2 eidola (Crypt:1)
  5 blizzard demons
  An ettin (shapeshifter) (Vaults:5)
  5 eleionomae
  4 merfolk javelineers
  14 red draconians
  9 deep elf death magi
  12 ettins
  12 fire dragons
  Snorg (D:10)
  5 ragged hierophants (Desolation)
  5 crystal guardians
  2 shambling mangroves
  6 great orbs of eyes
  3 deep elf high priests
  7 jiangshi
  14 yaktaur captains
  Harold (Lair:2)
  13 ice dragons
  27 vault guards
  6 servants of whispers (Desolation)
  A catoblepas (shapeshifter) (Depths:1)
  9 peacekeepers
  10 boulder beetles
  2 catoblepae
  2 ironbound thunderhulks
  6 ironbound frosthearts
  23 hydras
  6 rakshasas
  6 spriggan air magi
  A fenstrider witch skeleton (Crypt:2)
  2 ogre magi
  Erolcha (D:12)
  A ghost crab (WizLab)
  3 satyrs (Depths:2)
  5 centaur warriors
  6 alligators
  33 dancing weapons
  2 hell hogs (Abyss:2)
  6 death knights
  2 two-headed ogres (shapeshifter) (Vaults:5)
  9 two-headed ogres
  8 deep troll earth magi
  7 vampire magi
  A titan zombie (Depths:3)
  A thrashing horror (Zig:5)
  11 deep troll shamans
  5 death yaks (Lair:6)
  3 spriggan berserkers
  2 shock serpents (WizLab)
  7 tengu warriors
  2 soul eaters
  8 ironbound beastmasters
  4 orc high priests
  A storm dragon zombie (Crypt:3)
  15 deep elf knights
  4 wretched stars
  Sonja (D:11)
  18 hell knights
  A titan skeleton (Crypt:3)
  5 iron trolls
  A goliath frog (shapeshifter) (Vaults:5)
  2 sixfirhies
  45 skeletal warriors
  A goliath frog (Swamp:1)
  2 spatial maelstroms (Abyss:2)
  3 glowing orange brains (Depths:1)
  A golden dragon zombie (Crypt:3)
  51 deep trolls
  A shadow demon (Zig:5)
  14 swamp dragons
  3 death drakes (WizLab)
  A swamp dragon (shapeshifter) (Depths:4)
  A storm dragon skeleton (Crypt:3)
  3 spriggan druids
  9 phantasmal warriors
  An infernal demonspawn (Depths:2)
  2 death drakes (shapeshifter)
  7 flayed ghosts
  12 deep elf archers
  10 wizards
  3 obsidian statues (Zig:6)
  12 bog bodies
  Pikel (D:4)
  5 lindwurms
  12 necromancers
  27 ironbound convokers
  20 orb spiders
  A lindwurm (shapeshifter) (Vaults:5)
  23 deep elf pyromancers
  A harpy (shapeshifter) (Elf:3)
  26 deep elf zephyrmancers
  A harpy (Vaults:1)
  6 fauns (Depths:2)
  15 orc knights
  3 orc sorcerers
  2 salamanders (Volcano)
  7 cyclopes
  5 will-o-the-wisps
  58 ugly things
  5 manticores
  23 wolf spiders
  19 elephants
  A stone giant zombie (Crypt:1)
  A shining eye (shapeshifter) (Vaults:5)
  20 moths of wrath
  2 worldbinders (Abyss:2)
  A guardian serpent (Desolation)
  2 rust devils
  5 black mambas
  3 apocalypse crabs (WizLab)
  An eye of devastation (Abyss:2)
  2 fire giant skeletons
  15 vault sentinels
  2 water nymphs
  A black mamba (shapeshifter) (Elf:3)
  A cane toad (shapeshifter) (Elf:1)
  2 gargoyles
  9 cane toads
  3 ice statues
  A torpor snail (Spider:2)
  2 orange demons (Abyss:2)
  3 smoke demons
  Psyche (D:12)
  A hellion (Depths:2)
  33 yaktaurs
  A dire elephant skeleton (Crypt:3)
  4 freezing wraiths
  An anaconda simulacrum (IceCv)
  A purple draconian zombie (Crypt:2)
  4 efreet
  An emperor scorpion zombie (Crypt:3)
  2 unseen horrors
  2 rime drakes (Lair:4)
  14 demonic crawlers
  4 komodo dragons
  An entropy weaver simulacrum (IceCv)
  4 tengu conjurers
  A hydra zombie (Abyss:2)
  A hellwing (Depths:2)
  3 ice devils
  A green draconian skeleton (Crypt:1)
  38 jumping spiders
  12 meliai
  A harpy zombie (Crypt:3)
  4 trolls
  2 ancient zymes (Abyss:2)
  A meliai (shapeshifter) (Elf:3)
  26 hornets
  2 bloated husks
  8 tyrant leeches
  A tyrant leech (shapeshifter) (Vaults:5)
  9 polar bears
  47 saltlings (Desolation)
  A guardian serpent zombie (Crypt:1)
  Prince Ribbit (Lair:2)
  17 slime creatures
  2 wind drakes (WizLab)
  A dream sheep (Lair:6)
  2 raiju
  24 blink frogs
  95 redbacks
  An alligator skeleton (Crypt:3)
  An ettin skeleton (Crypt:3)
  26 flying skulls (Crypt:3)
  13 air elementals
  A centaur simulacrum (D:15)
  8 wraiths
  A vampire (D:9)
  25 spriggans
  4 shadows
  4 starcursed masses (Abyss:2)
  33 tarantellas
  7 ynoxinuls
  9 water elementals
  3 wyverns
  A dire elephant simulacrum (IceCv)
  7 fire bats
  19 humans
  The ghost of sn0wgr3 the Covered, an amateur MiFi (D:4)
  2 fire elementals (Elf:1)
  A basilisk (shapeshifter) (Depths:4)
  A hog (D:12)
  31 yaks
  3 basilisks
  15 vampire mosquitoes
  2 neqoxecs
  2 death yak simulacra
  2 steam dragons
  A human zombie (Depths:3)
  8 wargs
  2 spatial vortices (Abyss:2)
  16 swamp worms
  4 acid dragons
  A floating eye (shapeshifter) (Depths:3)
  15 water moccasins
  An infernal demonspawn skeleton (Crypt:2)
  A floating eye (Depths:3)
  13 swamp drakes
  A hornet zombie (D:7)
  60 orc warriors
  6 small abominations (Abyss:2)
  Purgy (Sewer)
  2 sky beasts
  7 black bears
  6 necrophages
  4 boggarts
  7 ice beasts
  A manticore zombie (Crypt:3)
  4 large abominations (Abyss:2)
  23 wolves
  8 ogres
  6 centaurs
  4 kobold brigands
  An octopode zombie (Crypt:2)
  14 bullfrogs
  4 two-headed ogre simulacra (IceCv)
  4 scorpions
  4 cane toad simulacra (IceCv)
  A warg zombie (Crypt:2)
  An earth elemental (Elf:2)
  A cyclops skeleton (Crypt:1)
  A water moccasin zombie (D:5)
  A wyvern skeleton (D:7)
  5 elephant simulacra (IceCv)
  A queen bee zombie (Crypt:1)
  4 wights (D:7)
  5 killer bees (D:9)
  A polar bear skeleton (Crypt:2)
  7 electric eels
  2 howler monkeys
  A lava snake (D:12)
  2 centaur zombies
  A hound (D:6)
  A quasit (Abyss:2)
  3 jellies
  27 orc priests
  A gnoll shaman (D:8)
  Crazy Yiuf (D:3)
  An iron imp (Depths:5)
  2 iguanas
  27 orc wizards
  11 hell rats
  3 polar bear simulacra
  10 spriggan simulacra
  4 troll simulacra
  A wolf simulacrum (IceCv)
  A killer bee zombie (D:8)
  A dwarf zombie (Crypt:1)
  2 hound skeletons
  32 gnolls
  14 adders
  A howler monkey skeleton (D:6)
  4 naga simulacra
  11 white imps
  8 ufetubi
  A lava snake skeleton (Crypt:1)
  2 worms
  2 dart slugs
  121 orcs
  4 ball pythons
  6 bats
  7 endoplasms
  A giant cockroach (D:6)
  18 goblins
  20 hobgoblins
  4 jackals
  3 quokkas
  A frilled lizard (D:1)
  A frilled lizard zombie (Crypt:1)
  A jackal skeleton (D:3)
  28 kobolds
  3 briar patches (Depths:2)
2608 creatures vanquished.

Vanquished Creatures (collateral kills)
  2 hobgoblins (Bailey)
2 creatures vanquished.

Vanquished Creatures (others)
  the Enchantress (Depths:2)
  An Orb Guardian (Zot:5)
  A spriggan air mage (WizLab)
  2 two-headed ogres (Volcano)
  A hell hog (Abyss:2)
  2 death drakes (WizLab)
  A wizard (D:13)
  A deep elf archer (Elf:1)
  A necromancer (Depths:4)
  2 deep elf pyromancers
  A demonic crawler (Spider:3)
  2 bloated husks (Swamp:4)
  2 saltlings (Desolation)
  A small abomination (Abyss:2)
  An orc wizard (D:10)
  An orc (Orc:2)
  3 briar patches (Depths:2)
  2 demonic plants (Abyss:2)
  15 foxfires
  94 fungi
  164 plants
  3 toadstools (Depths:1)
302 creatures vanquished.

Grand Total: 2912 creatures vanquished

Table legend: (Time is in decaauts)
 A = Elapsed time spent in this place.
 B = Non-inter-level travel time spent in this place.
 C = Inter-level travel time spent in this place.
 D = Time resting spent in this place.
 E = Time spent auto-exploring this place.
 F = Levels seen in this place.
 G = Mean time per level.
                   A        B        C        D        E       F      G
               +--------+--------+--------+--------+--------+-----+--------+
         Total |  67128 |  56440 |  10688 |   9075 |  33997 |  68 |  987.2 |
       Dungeon |  18702 |  14447 |   4255 |   4183 |   7795 |  15 | 1246.8 |
          Lair |   6597 |   5791 |    806 |    778 |   3832 |   6 | 1099.5 |
         Swamp |   3500 |   3193 |    307 |    667 |   1593 |   4 |  875.0 |
   Spider Nest |   3733 |   3289 |    444 |    380 |   2108 |   4 |  933.2 |
  Orcish Mines |   2057 |   1589 |    468 |    188 |    922 |   2 | 1028.5 |
   Elven Halls |   3579 |   3328 |    251 |    372 |   2047 |   3 | 1193.0 |
        Vaults |   8360 |   6583 |   1777 |    748 |   4273 |   5 | 1672.0 |
         Crypt |   2435 |   2249 |    186 |    112 |   1574 |   3 |  811.7 |
        Depths |   7995 |   6349 |   1646 |    475 |   4496 |   5 | 1599.0 |
           Zot |   5623 |   5079 |    544 |    509 |   3416 |   5 | 1124.6 |
         Abyss |    573 |    573 |      0 |     63 |    269 |   1 |  573.0 |
      Ziggurat |    217 |    217 |      0 |      0 |     85 |   7 |   31.0 |
        Bazaar |    441 |    441 |      0 |      0 |    104 |   1 |  441.0 |
         Trove |     40 |     40 |      0 |      0 |     30 |   1 |   40.0 |
         Sewer |    200 |    200 |      0 |     43 |    115 |   1 |  200.0 |
        Bailey |    366 |    366 |      0 |      0 |    211 |   1 |  366.0 |
      Ice Cave |    541 |    541 |      0 |     40 |    318 |   1 |  541.0 |
       Volcano |    630 |    630 |      0 |    236 |    103 |   1 |  630.0 |
        Wizlab |    590 |    590 |      0 |    126 |    251 |   1 |  590.0 |
    Desolation |    940 |    940 |      0 |    149 |    450 |   1 |  940.0 |
               +--------+--------+--------+--------+--------+-----+--------+

Top non-repeatable levels by time:
Depths:1: 2678 daAuts
Vaults:1: 1954 daAuts
     D:4: 1896 daAuts
Vaults:2: 1733 daAuts
Depths:3: 1693 daAuts
     D:1: 1658 daAuts
Vaults:5: 1634 daAuts
Vaults:3: 1560 daAuts
   Zot:2: 1510 daAuts
    D:11: 1482 daAuts
Vaults:4: 1476 daAuts
     D:7: 1364 daAuts
    D:13: 1347 daAuts
     D:9: 1337 daAuts
     D:6: 1327 daAuts
